 Dungeon Crawl Stone Soup version 0.22.0-49-gab54619 (webtiles) character file.

97 Starchild the Cutter (level 5, 0/29 HPs)
             Began as a Kobold Arcane Marksman on Sept 6, 2018.
             Slain by an orc wizard
             ... wielding a +0 dagger
              (5 damage)
             ... on level 3 of the Dungeon.
             The game lasted 00:11:04 (2262 turns).

Starchild the Cutter (Kobold Arcane Marksman)       Turns: 2262, Time: 00:11:04

Health: 0/29       AC:  3    Str:  7    XL:     5   Next: 0%
Magic:  6/6        EV: 21    Int: 15    God:
Gold:   62         SH:  0    Dex: 21    Spells: 5/6 levels left

rFire    . . .     SeeInvis .   i - +0 dagger
rCold    . . .     Gourm    .   (shield restricted)
rNeg     . . .     Faith    .   e - +0 robe
rPois    .         Spirit   .   (no helmet)
rElec    .         Reflect  .   (no cloak)
rCorr    .         Harm     .   n - +0 pair of gloves
MR       .....                  (no boots)
Stlth    +++.......             (no amulet)
HPRegen  0.09/turn              (no ring)
MPRegen  0.10/turn              (no ring)

@: agile
A: small, carnivore
a: no special abilities


You were on level 3 of the Dungeon.
You were not hungry.

You visited 1 branch of the dungeon, and saw 3 of its levels.

You collected 62 gold pieces.

Inventory:

Hand Weapons
 a - a +0 hand crossbow
 i - a +0 dagger (weapon)
Missiles
 b - 149 stones (quivered)
 d - 7 bolts
Armour
 e - a +0 robe (worn)
 n - a +0 pair of gloves (worn)
 s - a +0 buckler
Scrolls
 h - a scroll of fear
 j - 2 scrolls of magic mapping
 k - a scroll of identify
 l - a scroll of enchant armour {unknown}
 m - 2 scrolls of amnesia {unknown}
 o - a scroll of random uselessness {unknown}
Potions
 c - a potion of agility
 g - 2 potions of brilliance
 p - a potion of resistance {unknown}
 q - 2 potions of mutation {unknown}
 r - a potion of lignification {unknown}
 t - a potion of magic {unknown}
Comestibles
 f - 5 rations


   Skills:
 - Level 1.1 Fighting
 + Level 4.3 Short Blades
 - Level 3.9 Crossbows
 - Level 2.4 Dodging
 - Level 1.1 Spellcasting
 - Level 3.0 Hexes


You had 5 spell levels left.
You knew the following spells:

 Your Spells              Type           Power        Failure   Level  Hunger
a - Corona                Hex            #......      7%          1    ##.....

Your spell library contained the following spells:

 Spells                   Type           Power        Failure   Level  Hunger
 Slow                     Hex            #.......     11%         2    ###....
 Inner Flame              Hex/Fire       #.......     36%         3    ####...
 Portal Projectile        Hex/Tloc       #.....       36%         3    ####...
 Cause Fear               Hex            #.........   56%         4    #####..
 Leda's Liquefaction      Hex/Erth       #.........   78%         4    #####..


Dungeon Overview and Level Annotations

Branches:
Dungeon (3/15)

Altars:
Ashenzari
Elyvilon
Nemelex Xobeh


Innate Abilities, Weirdness & Mutations

You are small and have problems with some larger weapons.
You are carnivorous and can eat meat at any time.


Message History

The bat completely misses you. The bat hits you.
You closely miss the bat. The bat hits you but does no damage.
You hit the orc wizard but do no damage.
The bat closely misses you. The bat hits you but does no damage.
The orc wizard barely misses you.
You hit the orc wizard.
The orc wizard is lightly wounded.
The bat barely misses you. The orc wizard hits you with a dagger.
You hit the orc wizard.
The orc wizard is lightly wounded.
The bat hits you but does no damage. The orc wizard misses you.
The orc wizard hits you but does no damage.
You hit the orc wizard.
The orc wizard is moderately wounded.
The bat misses you. The orc wizard hits you with a dagger.
* * * LOW HITPOINT WARNING * * *
You aren't carrying any items that you can evoke.
You feel agile all of a sudden. The bat closely misses you.
The orc wizard hits you with a dagger.
You die...

## . # ########## ### #...o....#
###. ..##%#######.#.#@##.# ###...
..............###b#.#######.#.# .
#.#.#.#o#.#..##)..............#..
. ..........g§#.#g#.#####........
.o .....⌠....#g..##.# ##....###
....._.......#...##.# ##.#.#
..⌠.....⌠g..b(......# #.# ..
............###.##### #.# ##
.#.#.#.#.# #.# ##'##


You could see an orc wizard, a goblin and a bat.

Vanquished Creatures
  2 adders (D:2)
  2 oozes (D:2)
  3 worms
  3 dart slugs (D:1)
  2 leopard geckos
  3 orcs (D:3)
  4 bats
  A giant cockroach (D:3)
  5 goblins
  10 hobgoblins
  6 kobolds
  3 frilled lizards
  4 rats
48 creatures vanquished.

Notes
Turn   | Place    | Note
-------+----------+-------------------------------------------
     0 | D:1      | Starchild the Kobold Arcane Marksman began the quest for
                  | the Orb.
     0 | D:1      | Reached XP level 1. HP: 12/12 MP: 2/2
   122 | D:1      | Reached XP level 2. HP: 16/16 MP: 3/3
   369 | D:1      | Reached XP level 3. HP: 20/20 MP: 4/4
   407 | D:1      | Reached skill level 1 in Short Blades
   598 | D:2      | Found a sparkling altar of Nemelex Xobeh.
   832 | D:2      | Reached skill level 2 in Short Blades
   850 | D:2      | Found a shattered altar of Ashenzari.
   952 | D:2      | Reached skill level 3 in Short Blades
   952 | D:2      | Reached XP level 4. HP: 25/25 MP: 5/5
  1965 | D:3      | Found a white marble altar of Elyvilon.
  1995 | D:3      | Reached skill level 4 in Short Blades
  2228 | D:3      | Reached XP level 5. HP: 25/29 MP: 6/6
  2262 | D:3      | Slain by an orc wizard

Skill      XL: |  1  2  3  4 |
---------------+-------------+-----
Crossbows      | 3 |  3.9
Short Blades   | 3 4 |  4.3
Fighting       | |  1.1
Dodging        | |  2.4
Spellcasting   | |  1.1
Hexes          | |  3.0

Action                   |  1- 3 |  4- 6 || total
-------------------------+-------+-------++-------
Melee: Dagger            |    13 |   135 ||   148
 Fire: Hand crossbow     |    57 |    38 ||    95
  Use: Scroll            |       |     4 ||     4
       Potion            |       |     3 ||     3
  Eat: Chunk             |     1 |     7 ||     8
Armor: Robe              |     4 |    17 ||    21
Dodge: Dodged            |    13 |    79 ||    92
